 Dungeon Crawl Stone Soup version 0.29-a0-925-g0a7a3d12f8 (webtiles) character file.

Game seed: 751777505871197347

2595 Sobieck the Thaumaturge (level 9, -2/58 HPs)
             Began as a Djinni Conjurer on July 28, 2022.
             Was an Initiate of Makhleb.
             Slain by a skeletal warrior
             ... wielding a +0 long sword
              (8 damage)
             ... on level 8 of the Dungeon.
             The game lasted 00:17:01 (8234 turns).

Sobieck the Thaumaturge (Djinni Conjurer)           Turns: 8234, Time: 00:17:01

Health: -2/58      AC:  9    Str:  6    XL:     9   Next: 89%
Gold:   422        EV: 12    Int: 23    God:    Makhleb [......] SH:  0 Dex: 13

rFire   + + .      SeeInvis +   Y - +2 rapier (venom) {short}
rCold   . . .      Faith    .   (no shield)
rNeg    . . .      Spirit   .   Z - +1 leather armour {rC+}
rPois   ∞          Reflect  .   E - +2 helmet
rElec   .          Harm     .   I - +1 cloak
rCorr   .          Rampage  .   (no gloves)
Will    .....                   (boots unavailable)
Stlth   ++........              t - amulet of regeneration {@e2}
HPRegen 0.99/turn               e - ring of see invisible
MPRegen 0.00/turn               (no ring)

@: flying, very slightly contaminated
A: sickness immunity, fire resistance 2, cold vulnerability 1, float, innate
caster, HP casting, extra vitality 1
a: Renounce Religion


You were on level 8 of the Dungeon.
You worshipped Makhleb.
Makhleb was noncommittal.
You visited 2 branches of the dungeon, and saw 9 of its levels.

You collected 494 gold pieces.
You spent 72 gold pieces at shops.


Innate Abilities, Weirdness & Mutations

You are immune to sickness and miasma.
You are immune to poison.
Your flesh is very heat resistant. (rF++)
You are vulnerable to cold. (rC-)
You float through the air rather than walking.
You learn spells naturally, not from books.
Your magical power is your life essence.
You have superior vitality. (+4 MHP)


   Skills:
 + Level 2.0 Fighting
 + Level 3.2 Dodging
 + Level 2.5 Stealth
 - Level 10.0 Spellcasting


You had 4 spell levels left.
You knew the following spells:

 Your Spells              Type           Power      Damage    Failure   Level
a - Magic Dart            Conj           100%       1d8       1%          1
b - Searing Ray           Conj           100%       2d8       1%          2
c - Fulminant Prism       Conj/Hex       27%        3d14      1%          4
d - Dazzling Flash        Conj/Hex       100%       N/A       1%          3
e - Iskenderun's Mystic   Conj/Tloc      55%        2d12      1%          4
f - Slow                  Hex            100%       N/A       1%          1
g - Passwall              Tmut/Erth      45%        N/A       1%          2
h - Stone Arrow           Conj/Erth      100%       3d13      1%          3
i - Hailstorm             Conj/Ice       55%        3d12      1%          4
Your spell library was empty.

Inventory:

Hand Weapons
 b - a +0 short sword {short}
   (You found it on level 1 of the Dungeon)
 c - a +1 club {mace}
   (You took it off a kobold on level 1 of the Dungeon)
 l - a +0 short sword {short}
   (You took it off a kobold on level 1 of the Dungeon)
 q - a +0 dagger {short}
   (You took it off a goblin on level 1 of the Dungeon)
 H - a +3 quarterstaff of chaos {staff}
   (You took it off Crazy Yiuf on level 2 of the Dungeon)
 P - a +1 flail of protection {mace}
   (You took it off an orc on level 4 of the Dungeon)
 Y - a +2 rapier of venom (weapon) {short}
   (You took it off Eustachio on level 5 of the Dungeon)
Missiles
 n - 6 atropa-tipped darts {throwing}
Armour
 g - a +0 leather armour
   (You found it on level 1 of the Dungeon)
 u - a +0 leather armour
   (You took it off an orc on level 4 of the Dungeon)
 y - a +0 robe
   (You took it off an orc wizard on level 3 of the Dungeon)
 z - a +0 robe
   (You took it off an orc wizard on level 3 of the Dungeon)
 A - a +0 robe
   (You took it off an orc wizard on level 3 of the Dungeon)
 B - a +0 leather armour
   (You took it off an orc on level 3 of the Dungeon)
 C - a +0 robe
   (You took it off an orc wizard on level 3 of the Dungeon)
 D - a +0 plate armour
   (You found it on level 3 of the Dungeon)
 E - a +2 helmet (worn)
   (You found it on level 3 of the Dungeon)
 F - a +0 leather armour
   (You took it off an orc on level 4 of the Dungeon)
 I - a +1 cloak (worn)
   (You took it off Crazy Yiuf on level 2 of the Dungeon)
 L - a +0 chain mail
   (You took it off an orc warrior on level 4 of the Dungeon)
 M - a +0 robe
   (You took it off Sigmund on level 4 of the Dungeon)
 N - a +0 leather armour
   (You took it off an orc on level 5 of the Dungeon)
 O - a +0 robe
   (You took it off an orc wizard on level 4 of the Dungeon)
 Q - a +0 leather armour
   (You took it off an orc on level 4 of the Dungeon)
 S - a +0 ring mail
   (You found it on level 5 of the Dungeon)
 T - a +0 leather armour
   (You took it off a gnoll on level 5 of the Dungeon)
 U - a +0 scale mail
   (You found it on level 5 of the Dungeon)
 V - a +0 ring mail
   (You found it on level 5 of the Dungeon)
 W - a +0 scale mail
   (You took it off a gnoll sergeant on level 5 of the Dungeon)
 X - a +0 robe
   (You took it off a gnoll on level 5 of the Dungeon)
 Z - a +1 leather armour of cold resistance (worn)
   (You took it off Eustachio on level 5 of the Dungeon)
Magical Staves
 j - a staff of earth {!astaff}
   (You found it on level 8 of the Dungeon)
 r - a staff of cold {!astaff}
   (You found it on level 6 of the Dungeon)
Jewellery
 e - a ring of see invisible (left hand)
   (You found it on level 8 of the Dungeon)
 t - an amulet of regeneration (around neck) {@e2}
   (You found it on level 3 of the Dungeon)
Wands
 a - a wand of roots (3)
   (You found it on level 5 of the Dungeon)
 m - a wand of polymorph (10)
   (You found it on level 6 of the Dungeon)
 v - a wand of flame (20)
   (You took it off a kobold on level 2 of the Dungeon)
Scrolls
 k - 12 scrolls of teleportation {@r4}
 p - a scroll of amnesia {unknown}
Potions
 d - 2 potions of berserk rage {!q}
 f - 2 potions of attraction {!q}
 h - 4 potions of might
 i - 2 potions of mutation {!q}
 o - 2 potions of brilliance {unknown}
 s - 9 potions of curing {@q1}
 w - 2 potions of invisibility
 x - a potion of lignification {!q}
 G - 2 potions of heal wounds {@q2}
 J - a potion of resistance {unknown}
 K - a potion of ambrosia {unknown}
 R - a potion of cancellation {unknown}

Dungeon Overview and Level Annotations

Branches:
Dungeon (8/15) Zot: 26704  Temple (1/1) D:6 Zot: 5934
   Lair: D:8-11

Altars:
Ashenzari
Dithmenos
Elyvilon
Fedhas
Gozag
Hepliaklqana
Makhleb
Nemelex Xobeh
Okawaru
Qazlal
Ru
Trog
Uskayaw
Wu Jian
Xom
Yredelemnul
Zin
The Shining One

Shops:
D:3

! .).. .... ...
..# #### #.# #...
#.##...# #
#.#.##.#..#.#
#....@.[....#
#.#..#z##.#.#
#.##.#...
#..##...##
##..##### ##....#
#.#
#.######...#####
#.##...##.##...##
#.#.8.8.#.#.8.8.#


You could see a skeletal warrior.


Message History

You conjure a prism of explosive energy!
A fulminant prism comes into view.
Casting: Fulminant Prism (dangerous; 1% risk of failure)
Confirm with . or Enter, or press ? or * to list all spells.
Casting: Hailstorm (dangerous; 1% risk of failure)
Press: ? - help, Dir - look around, f - activate
Okay, then.
Unknown command.
Casting: Hailstorm (dangerous; 1% risk of failure)
Confirm with . or Enter, or press ? or * to list all spells.
You erupt in a blast of force!
The mystic blast hits the hornet.
The hornet is knocked back by the mystic blast.
The hornet slams into the granite statue!
Your fulminant prism crackles loudly.
Casting: Iskenderun's Mystic Blast (dangerous; 1% risk of failure)
Confirm with . or Enter, or press ? or * to list all spells.
You erupt in a blast of force!
The mystic blast hits the hornet!!
The hornet is knocked back by the mystic blast.
The hornet slams into the granite statue!
You kill the hornet!
Makhleb accepts your kill.
Your Fighting skill increases to level 2!
Your Dodging skill increases to level 3!
You reach down and open the door.
Found 11 gold pieces.
Found a sparkling altar of Nemelex Xobeh.
Unknown command.
There is an open door here.
You now have 409 gold pieces (gained 11).
There is an open door here.
You see here a +0 robe.
Unknown command.
d - 2 potions of berserk rage {!q} (gained 1)
Your pack is full.
You see here a scroll labelled VODIOL KOAKE.
Unknown command.
Okay, then.
You drop a +0 dagger {short}.
p - a scroll labelled VODIOL KOAKE You see here a +0 dagger {short}.
You see here a +0 dagger {short}.
Things that are here:
a +0 whip {mace}; a +0 leather armour You see here a +0 dagger {short}.
Your pack is full.
Things that are here:
a +0 robe; a staff of earth {!astaff} Unknown command.
Your pack is full.
Things that are here:
a +0 robe; a staff of earth {!astaff} Could not pick up a staff of earth {!astaff} here; ([A]lways) ignore it?
Okay, then.
You drop 71 stones {throwing}.
j - a staff of earth {!astaff}
Things that are here:
71 stones {throwing}; a +0 robe
There is an open door here.
There is an open door here.
Things that are here:
a +0 flail {mace}; a +0 chain mail; an orc skeleton You now have 422 gold pieces (gained 13).
A skeletal warrior comes into view. It is wielding a +0 long sword.
You see here a potion of might.
Danger!
Casting: Iskenderun's Mystic Blast (dangerous; 1% risk of failure)
Confirm with . or Enter, or press ? or * to list all spells.
Casting: Hailstorm (dangerous; 1% risk of failure)
Press: ? - help, Dir - look around, f - activate A cannonade of hail descends around you!
The hail pelts the skeletal warrior but does no damage.
Casting: Hailstorm (dangerous; 1% risk of failure)
Confirm with . or Enter, or press ? or * to list all spells.
You erupt in a blast of force!
The mystic blast hits the skeletal warrior but does no damage.
The skeletal warrior hits you with a +0 long sword!!
Casting: Iskenderun's Mystic Blast (dangerous; 1% risk of failure)
Confirm with . or Enter, or press ? or * to list all spells.
You erupt in a blast of force!
The mystic blast hits the skeletal warrior but does no damage.
* * * LOW HITPOINT WARNING * * *
The skeletal warrior hits you with a +0 long sword!
* * * LOW HITPOINT WARNING * * *
Unknown command.
Okay, then.
Unknown command.
Casting: Iskenderun's Mystic Blast (dangerous; 1% risk of failure)
Confirm with . or Enter, or press ? or * to list all spells.
You erupt in a blast of force!
The mystic blast hits the skeletal warrior but does no damage.
* * * LOW HITPOINT WARNING * * *
The skeletal warrior completely misses you.
Casting: Iskenderun's Mystic Blast (dangerous; 1% risk of failure)
Confirm with . or Enter, or press ? or * to list all spells.
You miscast Iskenderun's Mystic Blast.
You are very lightly contaminated with residual magic.
Nothing appears to happen.
* * * LOW HITPOINT WARNING * * *
The skeletal warrior hits you with a +0 long sword!
You die...

Skill      XL: |  1  2  3  4  5  6  7  8  9 |
---------------+----------------------------+-----
Spellcasting   | 4 5 6 7 8 10 | 10.0
Fighting       | 2 |  2.0
Stealth        | 2 |  2.5
Dodging        | 3 |  3.2

Action                   |  1- 3 |  4- 6 |  7- 9 || total
-------------------------+-------+-------+-------++-------
Melee: Club              |       |     5 |       ||     5
 Cast: Magic Dart        |    63 |    63 |    56 ||   182
       Searing Ray       |     2 |    14 |       ||    16
       Slow              |       |     1 |       ||     1
       Dazzling Flash    |       |     1 |       ||     1
       Fulminant Prism   |       |       |    24 ||    24
       Stone Arrow       |       |       |    55 ||    55
       Iskenderun's Myst |       |       |     7 ||     7
       Hailstorm         |       |       |     3 ||     3
  Use: Scroll            |       |     7 |     8 ||    15
Armor: Robe              |     1 |     2 |       ||     3
       Leather armour    |       |       |     2 ||     2
Dodge: Dodged            |     7 |     8 |    12 ||    27

Levels and vault maps discovered:
D:1:      nzn_arrival_depleted_hourglass, layout_basic
D:2:      layout_loops_ring, uniq_crazy_yiuf_cottage
D:3:      layout_loops_corners, serial_shops, shop, serial_undead,
          serial_undead_e, serial_undead_f, serial_undead_b, serial_undead_b,
          serial_undead_f, serial_undead_e, kennysheep_path_1,
          kennysheep_generic_room_6
D:4:      layout_gridville, kennysheep_mini, guppyfry_early_orc_mine,
          uniq_sigmund
D:5:      layout_basic, uniq_eustachio
D:6:      layout_layer_cave, kennysheep_ying_yang, minmay_temple_entry_ruins,
          portal_sewer_entry_e
D:7:      layout_loops_ring, lemuel_round_altar
D:8:      minmay_bloctagon_deflated, layout_basic,
          grunt_temple_overflow_cloverleaf, slow_altar_1
Temple:   hellmonk_temple_forest_ring

Notes
Turn   | Place    | Note
-------+----------+-------------------------------------------
     0 | D:1      | Sobieck the Djinni Conjurer began the quest for the Orb.
     0 | D:1      | Sobieck set off with the following spells memorised: Magic
                  | Dart, Searing Ray, Dazzling Flash, Fulminant Prism,
                  | Iskenderun's Mystic Blast.
     0 | D:1      | Reached XP level 1. HP: 15/15 MP: 0/0
   464 | D:1      | Reached XP level 2. HP: 18/21 MP: 0/0
   731 | D:1      | Reached XP level 3. HP: 10/25 MP: 0/0
   731 | D:1      | Learned a level 1 spell: Slow
  1053 | D:1      | Reached skill level 4 in Spellcasting
  1835 | D:2      | Reached XP level 4. HP: 21/31 MP: 0/0
  2397 | D:2      | You are sucked into a shaft and drop 2 floors!
  2567 | D:3      | Reached XP level 5. HP: 23/35 MP: 0/0
  2567 | D:3      | Learned a level 2 spell: Passwall
  2783 | D:3      | Reached skill level 5 in Spellcasting
  2973 | D:3      | Reached XP level 6. HP: 31/40 MP: 0/0
  3467 | D:2      | Found a runed translucent door.
  3468 | D:2      | Noticed Crazy Yiuf
  3476 | D:2      | Killed Crazy Yiuf
  3753 | D:3      | Found Utrasuaf's Distillery.
  3780 | D:3      | Bought a potion of heal wounds for 60 gold pieces
  4069 | D:3      | Bought a potion of degeneration for 12 gold pieces
  4710 | D:4      | Noticed an orc warrior
  4811 | D:4      | Killed an orc warrior
  4812 | D:4      | Reached skill level 6 in Spellcasting
  4812 | D:4      | Reached XP level 7. HP: 32/45 MP: 0/0
  4812 | D:4      | Learned a level 3 spell: Stone Arrow
  4831 | D:4      | Noticed Sigmund
  4841 | D:4      | Killed Sigmund
  4984 | D:4      | Reached skill level 7 in Spellcasting
  5156 | D:4      | Found a hide-covered altar of Uskayaw.
  5271 | D:5      | Entered Level 5 of the Dungeon
  5292 | D:5      | Reached XP level 8. HP: 45/50 MP: 0/0
  5715 | D:5      | Reached skill level 8 in Spellcasting
  5850 | D:5      | Noticed Eustachio
  5861 | D:5      | Killed Eustachio
  6218 | D:6      | Reached XP level 9. HP: 54/55 MP: 0/0
  6218 | D:6      | Learned a level 4 spell: Hailstorm
  6236 | D:6      | Reached skill level 9 in Spellcasting
  6241 | D:6      | Found a staircase to the Ecumenical Temple.
  6247 | Temple   | Entered the Ecumenical Temple
  6294 | Temple   | Became a worshipper of Makhleb the Destroyer
  6853 | D:6      | Found a basalt altar of Yredelemnul.
  6942 | D:6      | Found a white marble altar of Elyvilon.
  7943 | D:8      | Reached skill level 10 in Spellcasting
  7991 | D:8      | Reached skill level 1 in Fighting
  7991 | D:8      | Reached skill level 2 in Stealth
  8129 | D:8      | Found an ornate altar of the Wu Jian Council.
  8132 | D:8      | Found a broken altar of Ashenzari.
  8132 | D:8      | Noticed a hornet
  8135 | D:8      | Killed a hornet
  8136 | D:8      | Reached skill level 2 in Fighting
  8136 | D:8      | Reached skill level 3 in Dodging
  8138 | D:8      | Found a sparkling altar of Nemelex Xobeh.
  8229 | D:8      | Noticed a skeletal warrior
  8232 | D:8      | HP: 12/58 [skeletal warrior/+0 long sword (17)]
  8234 | D:8      | Slain by a skeletal warrior

Vanquished Creatures
  A hornet (D:8)
  Sigmund (D:4)
  Eustachio (D:5)
  2 orc warriors
  A sky beast (D:8)
  An ice beast (D:6)
  2 ogres
  A centaur (D:7)
  2 phantoms
  2 bullfrogs
  2 gnoll sergeants
  2 necrophages
  3 howler monkeys
  5 hounds
  2 orc priests
  A jelly (D:5)
  Crazy Yiuf (D:2)
  3 iguanas
  6 orc wizards
  13 gnolls
  9 adders
  A river rat (D:6)
  3 white imps
  A worm (D:2)
  4 dart slugs
  19 orcs
  4 endoplasms
  5 giant cockroaches
  8 goblins
  5 hobgoblins
  3 jackals (D:2)
  3 quokkas
  11 ball pythons
  4 bats
  4 frilled lizards
  10 kobolds
  5 rats
151 creatures vanquished.

Vanquished Creatures (others)
  24 fulminant prisms
  3 fungi (D:2)
  4 withered plants (D:3)
31 creatures vanquished.

Grand Total: 182 creatures vanquished

Table legend:
 A = Non-vault XP
 B = Vault XP
 C = Vault XP percentage of total XP
 D = Non-vault monster count
 E = Vault monster count
 F = Vault count percentage of total count
                 A         B        C        D         E       F
            +---------+---------+-------+---------+---------+-------
      Total |    2969 |     739 |  19.9 |     131 |      20 |  13.2
            +---------+---------+-------+---------+---------+-------
        D:1 |      44 |       0 |   0.0 |      27 |       0 |   0.0
        D:2 |      43 |      41 |  48.8 |      17 |       1 |   5.6
        D:3 |     195 |      15 |   7.1 |      21 |       2 |   8.7
        D:4 |     158 |     440 |  73.6 |      11 |       8 |  42.1
        D:5 |     749 |     208 |  21.7 |      24 |       1 |   4.0
        D:6 |     578 |      35 |   5.7 |      14 |       8 |  36.4
        D:7 |     450 |       0 |   0.0 |       9 |       0 |   0.0
        D:8 |     752 |       0 |   0.0 |       8 |       0 |   0.0
            +---------+---------+-------+---------+---------+-------

Illustrated notes

Table legend:
 A = Kills in this place as a percentage of kills in entire the game.
 B = Kills by you in this place as a percentage of kills by you in the entire game.
 C = Kills by friends in this place as a percentage of kills by friends in the entire game.
 D = Other kills in this place as a percentage of other kills in the entire game.
 E = Experience gained in this place as a percentage of experience gained in the entire game.
 F = Experience gained in this place divided by the number of levels of this place that you have seen.
                   A       B       C       D       E      F
               +-------+-------+-------+-------+-------+----------------------
         Total | 100.0 | 100.0 |   N/A |   N/A | 100.0 | 412.0
       Dungeon | 100.0 | 100.0 |   N/A |   N/A | 100.0 | 463.5
               +-------+-------+-------+-------+-------+----------------------

Table legend: (Time is in decaauts)
 A = Elapsed time spent in this place.
 B = Non-inter-level travel time spent in this place.
 C = Inter-level travel time spent in this place.
 D = Time resting spent in this place.
 E = Time spent auto-exploring this place.
 F = Levels seen in this place.
 G = Mean time per level.
                   A        B        C        D        E       F      G
               +--------+--------+--------+--------+--------+-----+--------+
         Total |   8234 |   7824 |    410 |    576 |   6230 |   9 |  914.9 |
       Dungeon |   8169 |   7776 |    393 |    576 |   6201 |   8 | 1021.1 |
        Temple |     65 |     48 |     17 |      0 |     29 |   1 |   65.0 |
               +--------+--------+--------+--------+--------+-----+--------+

Top non-repeatable levels by time:
     D:3: 1586 daAuts
     D:1: 1464 daAuts
     D:2: 1405 daAuts
     D:6: 1099 daAuts
     D:5: 826 daAuts
     D:4: 817 daAuts
     D:7: 675 daAuts
     D:8: 294 daAuts
  Temple: 65 daAuts
